 Dungeon Crawl Stone Soup version 0.30-a0-322-g102857c98e (webtiles) character file.

Game seed: 2622890666654580277

6029 kae the Grappler (level 10, 0/103 HPs)
             Began as a Yellow Draconian Transmuter on Oct 27, 2022.
             Was a Believer of Ru.
             Slain by a kobold
             ... wielding a +0 club
              (4 damage)
             ... on level 8 of the Dungeon on Oct 28, 2022.
             The game lasted 00:10:51 (9534 turns).

kae the Grappler (Yellow Draconian Transmuter)      Turns: 9534, Time: 00:10:52

Health: 0/103      AC:  8    Str: 13    XL:     10   Next: 56%
Magic:  13/19      EV: 10    Int: 17    God:    Ru [**....]
Gold:   399        SH:  0    Dex: 12    Spells: 11/21 levels left

rFire   x . .      SeeInvis .      - Unarmed
rCold   + + +      Faith    .    (shield currently unavailable)
rNeg    + . .      Spirit   .    (body armour unavailable)
rPois   +          Reflect  .    (helmet currently unavailable)
rElec   .          Harm     .    (cloak currently unavailable)
rCorr   .          Rampage  .    (gloves currently unavailable)
Will    .....                    (boots currently unavailable)
Stlth   +.........               A - amulet of the acrobat
HPRegen 0.37/turn                N - ring of positive energy
MPRegen 0.16/turn                L - ring of flight

@: short of breath, ice-form, flying, slowed, very slow
A: freezing attack, amphibious, boosted hp, (spit acid), AC +7, large, unfitting
armour, (cold-blooded), inability to use devices, (acid resistance)
a: End Transformation, Renounce Religion


You were on level 8 of the Dungeon.
You worshipped Ru.
Ru was pleased with you.
You were a creature of crystalline ice.
You visited 2 branches of the dungeon, and saw 9 of its levels.
You also visited: Sewer.

You collected 399 gold pieces.


Innate Abilities, Weirdness & Mutations

You are a creature of crystalline ice.
You have a powerful freezing melee attack.
You are amphibious.
Your maximum health is increased.
Your armour is entirely melded.
You are incapable of wielding weapons or throwing items.
((You can spit globs of acid.))
((Your golden yellow scales are hard. (AC +7)))
You cannot fit into any form of body armour.
((You are cold-blooded and may be slowed by cold attacks.))
You cannot study or use magical devices.
((You are resistant to acid. (rCorr)))


   Skills:
 + Level 7.3 Fighting
 - Level 1.7 Dodging
 * Level 9.9 Unarmed Combat
 + Level 6.4 Spellcasting
 + Level 6.9 Transmutations
 * Level 8.7 Ice Magic
 - Level 2.5 Poison Magic


You had 11 spell levels left.
You knew the following spells:

 Your Spells              Type           Power      Damage    Failure   Level
a - Beastly Appendage     Tmut           56%        N/A       1%          1
b - Wereblood             Tmut           28%        N/A       1%          2
c - Spider Form           Tmut/Pois      21%        N/A       5%          3
d - Ice Form              Ice/Tmut       32%        N/A       4%          4

Your spell library contained the following spells:

 Spells                   Type           Power      Damage    Failure   Level
 Frozen Ramparts          Ice            70%        1d11      1%          3
 Magic Dart               Conj           20%        1d4       12%         1
 Searing Ray              Conj           10%        2d4       19%         2
 Sublimation of Blood     Necr           5%         N/A       19%         2
 Summon Ice Beast         Ice/Summ       20%        N/A       21%         4
 Petrify                  Tmut/Erth      17%        N/A       30%         4
 Metabolic Englaciation   Hex/Ice        10%        N/A       50%         5
 Irradiate                Conj/Tmut      8%         3d14      63%         5
 Anguish                  Hex/Necr       2%         N/A       77%         4
 Animate Dead             Necr           5%         N/A       77%         4
 Fulminant Prism          Conj/Hex       2%         3d6       77%         4
 Borgnjor's Vile Clutch   Necr/Erth      2%         N/A       98%         5
 Statue Form              Tmut/Erth      11%        N/A       99%         6
 Death Channel            Necr           2%         N/A       100%        6
 Enfeeble                 Hex            2%         N/A       100%        7

Inventory:

Hand Weapons
 b - a +1 mace
   (You found it on level 1 of the Dungeon)
Missiles
 c - 62 stones
 e - 14 poisoned darts
 q - a curare-tipped dart {=f}
 x - 5 boomerangs
 H - 6 javelins
Armour
 d - a +2 pair of gloves of infusion (melded)
   (You found it on level 4 of the Dungeon)
 j - the +4 kite shield of Jitwej {Str+5 SInv}
   (You found it on level 2 of the Dungeon)

   Str:       It affects your strength (+5).
   SInv:      It lets you see invisible.
Magical Staves
 v - a staff of earth {!a}
   (You found it on level 7 of the Dungeon)
Jewellery
 A - an amulet of the acrobat (around neck)
   (You found it on level 1 of the Dungeon)
 C - a ring of ice
   (You found it on level 2 of the Dungeon)
 L - a ring of flight (right front paw)
   (You took it off a gnoll on level 7 of the Dungeon)
 N - a ring of positive energy (left front paw)
   (You found it on level 8 of the Dungeon)
Wands
 h - a wand of flame (30)
   (You found it on level 7 of the Dungeon)
 G - a wand of iceblast (20)
   (You found it on level 6 of the Dungeon)
Scrolls
 f - 3 scrolls of immolation {!r!r}
 r - 4 scrolls of identify {@r1}
 s - a scroll of enchant weapon
 t - 3 scrolls of brand weapon {unknown}
 u - 2 scrolls of poison {unknown}
 y - a scroll of amnesia {unknown}
 z - a scroll of blinking {unknown}
 F - a scroll of magic mapping {!r}
Potions
 a - 3 potions of lignification {!q}
 g - 2 potions of haste {@q3}
 i - 2 potions of flight {unknown}
 k - 3 potions of brilliance {unknown}
 l - 4 potions of curing {unknown}
 m - a potion of mutation {unknown}
 n - 4 potions of heal wounds {unknown}
 o - a potion of resistance {unknown}
 p - a potion of magic {unknown}
 w - a potion of cancellation {unknown}
 B - 2 potions of degeneration {unknown}
 D - a potion of might {unknown}
 E - a potion of ambrosia {unknown}

Dungeon Overview and Level Annotations

Branches:
Dungeon (8/15) Zot: 24802  Temple (1/1) D:5 Zot: 5646   Sewer (visited)
   Lair: D:8-11

Altars:
Ashenzari
Cheibriados
Dithmenos
Elyvilon
Fedhas
Gozag
Hepliaklqana
Kikubaaqudgha
Makhleb
Nemelex Xobeh
Okawaru
Qazlal
Ru
Sif Muna
Trog
Uskayaw
Vehumet
Wu Jian
Xom
Yredelemnul
Zin
The Shining One

Shops:
D:1 ===(( D:6

= # ....... # .......
## ##....... #.
#........ ##.
##........<.# #..
#...........# #... ##
##KKK........###....
<##
#.KYK........#......
..##
##..KK.........###.[.
#..### #.............#
#... ##...##
##............# #...
##...## #............#
###.
###..#####.>..###....##
##........####.....#
##....#### ##....##
#..### ##....##


You could see a kobold brigand and 6 kobolds.


Message History

The kobold brigand hits you with a +0 club.
The kobold throws a poisoned dart.
The poisoned dart closely misses you. The kobold hits you with a +0 dagger.
The kobold misses you.
The kobold completely misses you. 😮 HP[-11] MP[-3]
You now have 103 max hp (+17).
You lost 3 mp, and now have 12/19 mp.
You closely miss the kobold brigand.
You feel very sick. The kobold brigand barely misses you.
The kobold hits you but does no damage. The kobold hits you with a +0 dagger.
The kobold hits you but does no damage. The kobold hits you with a +0 whip.
* * * LOW HITPOINT WARNING * * *
The kobold hits you with a +0 club.
* * * LOW HITPOINT WARNING * * *
You focus your inner power and blind the kobold in retribution!
The kobold brigand hits you but does no damage.
The kobold hits you but does no damage.
The kobold is stunned by your conviction and fails to attack.
The kobold barely misses you.
The kobold hits you but does no damage. x3 😨 HP[-7]
You take 7 damage, and now have 50/103 hp.
You hit the kobold brigand. You freeze the kobold brigand.
You feel very sick.
The kobold brigand hits you with a +0 club.
* * * LOW HITPOINT WARNING * * *
The kobold closely misses you. x2; The kobold barely misses you. x4 😨 HP[-8]
You take 8 damage, and now have 42/103 hp.
You barely miss the kobold brigand.
You feel sick.
The kobold brigand hits you with a +0 club.
* * * LOW HITPOINT WARNING * * *
The kobold closely misses you. The kobold hits you but does no damage.
The kobold barely misses you. The kobold closely misses you.
The kobold hits you with a +0 whip.
* * * LOW HITPOINT WARNING * * *
The kobold is stunned by your conviction and fails to attack.
Your magical contamination has completely faded away. 😨 HP[-9]
You take 9 damage, and now have 33/103 hp.
You barely miss the kobold brigand.
You feel sick.
The kobold brigand hits you with a +0 club.
* * * LOW HITPOINT WARNING * * *
The kobold misses you. The kobold hits you with a +0 dagger.
* * * LOW HITPOINT WARNING * * *
The kobold barely misses you.
The kobold is stunned by your conviction and fails to attack.
The kobold barely misses you.
The kobold is stunned by your conviction and fails to attack. 😨 HP[-7] MP[+1]
You take 7 damage, and now have 26/103 hp.
Unknown command.
You punch the kobold brigand! You freeze the kobold brigand.
You feel sick. The kobold brigand closely misses you.
The kobold barely misses you. The kobold closely misses you.
The kobold hits you with a +0 dagger.
* * * LOW HITPOINT WARNING * * *
The kobold hits you with a +0 whip.
* * * LOW HITPOINT WARNING * * *
You focus your inner power and blind the kobold in retribution!
The kobold hits you with a +0 whip.
* * * LOW HITPOINT WARNING * * *
The kobold hits you but does no damage. 😱 HP[-8]
You take 8 damage, and now have 18/103 hp.
Unknown command.
Okay, then.
Okay, then.
You barely miss the kobold brigand.
You feel sick.
The kobold brigand is stunned by your conviction and fails to attack.
The kobold hits you but does no damage. The kobold barely misses you.
The kobold hits you with a +0 dagger.
* * * LOW HITPOINT WARNING * * *
The kobold hits you but does no damage. The kobold barely misses you.
The kobold hits you with a +0 club.
* * * LOW HITPOINT WARNING * * *
The kobold brigand barely misses you. The kobold hits you with a +0 whip.
* * * LOW HITPOINT WARNING * * *
The kobold misses you. The kobold barely misses you.
The kobold hits you but does no damage. The kobold hits you with a +0 dagger.
* * * LOW HITPOINT WARNING * * *
The kobold hits you but does no damage. 😱 HP[-10]
You take 10 damage, and now have 8/103 hp.
Unknown command.
You barely miss the kobold brigand.
You feel sick.
The kobold is no longer blind.
The kobold brigand barely misses you. The kobold hits you but does no damage.
The kobold closely misses you. The kobold hits you but does no damage.
The kobold barely misses you. x2
The kobold hits you with a +0 club.
* * * LOW HITPOINT WARNING * * *
😱 HP[-1]
You take 1 damage, and now have 7/103 hp.
Unknown command.
You punch the kobold brigand! You freeze the kobold brigand.
You feel sick.
You are no longer poisoned.
The kobold brigand completely misses you.
The kobold barely misses you. x2; The kobold hits you but does no damage.
The kobold barely misses you. The kobold hits you with a +0 whip.
* * * LOW HITPOINT WARNING * * *
The kobold hits you with a +0 club.
You die...

Skill      XL: |  1  2  3  4  5  6  7  8  9 |
---------------+----------------------------+-----
Poison Magic   | 1 2 |  2.5
Fighting       | 2 5 6 7 |  7.3
Unarmed Combat | 4 8 9 |  9.9
Transmutations | 3 5 6 |  6.9
Spellcasting   | 5 6 |  6.4
Ice Magic      | 6 7 8 |  8.7
Dodging        | |  1.7

Action                   |  1- 3 |  4- 6 |  7- 9 | 10-12 || total
-------------------------+-------+-------+-------+-------++-------
Melee: Unarmed           |    10 |    33 |   160 |   128 ||   331
       Mace              |   222 |    67 |       |       ||   289
       Headbutt          |    10 |     7 |       |       ||    17
       Kick              |    15 |    15 |       |       ||    30
       Tailslap          |    43 |     8 |    10 |     2 ||    63
       Punch             |     6 |     1 |     3 |       ||    10
 Cast: Beastly Appendage |    18 |    13 |       |       ||    31
       Spider Form       |       |     7 |       |       ||     7
       Ice Form          |       |       |    16 |    13 ||    29
Invok: Sacrifice Artific |       |       |       |     1 ||     1
 Abil: Breathe Acid      |       |       |     5 |     2 ||     7
  Use: Scroll            |     1 |     4 |     3 |       ||     8
       Potion            |       |     1 |       |       ||     1
 Stab: Sleeping          |       |     1 |       |       ||     1
Armor: Skin              |    57 |    17 |    38 |    60 ||   172
Dodge: Dodged            |   129 |    87 |   125 |   107 ||   448

Levels and vault maps discovered:
D:1:      roderic_crop_circles_arrival_small, layout_basic, serial_shops,
          nicolae_shop_bloodbath_and_beyond, nicolae_square_shop, shop, shop,
          shop_fountains
D:2:      layout_basic, nicolae_ecumenical_oubliette, basic_altar,
          minmay_hedge_maze
D:3:      layout_basic, ebering_ghost_reflecting_pool, portal_sewer_entry_f
D:4:      layout_basic, serial_corexii_hall, corexii_hall_statues_l,
          corexii_hall_statues_i, uniq_natasha
D:5:      layout_gridville, minmay_temple_entry_nine_rooms
D:6:      layout_loops_ring, nicolae_shop_unique_rings
D:7:      minmay_clustersquares, layout_cave_pools,
          nicolae_overflow_two_pavilions, serial_demonic, serial_demonic_e,
          serial_demonic_c, serial_demonic_c, serial_demonic_b, hex_medium
D:8:      layout_cave_pods, uniq_joseph
Temple:   mainiacjoe_temple_cubbyholes

Notes
Turn   | Place    | Note
-------+----------+-------------------------------------------
     0 | D:1      | kae the Draconian Transmuter began the quest for the Orb.
     0 | D:1      | Reached XP level 1. HP: 16/16 MP: 3/3
     0 | D:1      | magus.rc [v1.11.3]
     0 | D:1      | Found Mecwiz's Jewellery Shop.
    94 | D:1      | Reached XP level 2. HP: 23/23 MP: 3/5
    99 | D:1      | Found Reoph's Jewellery Shop.
   127 | D:1      | Found Yhahir's Weapon Shop.
   631 | D:1      | Found Iriebrad's Weapon Shoppe.
   791 | D:1      | Learned a level 2 spell: Wereblood
   908 | D:1      | Found Vozoen's Jewellery Shoppe.
  1063 | D:2      | Found a faded altar of an unknown god.
  1164 | D:2      | Reached XP level 3. HP: 23/23 MP: 6/6
  1168 | D:2      | Learned a level 3 spell: Spider Form
  1510 | D:2      | Identified the +4 kite shield of Jitwej {Str+5 SInv}
  1911 | D:2      | Reached XP level 4. HP: 34/35 MP: 5/7
  1962 | D:2      | Found a basalt altar of Yredelemnul.
  2458 | D:3      | Reached skill level 1 in Poison Magic
  2464 | D:3      | Found a glowing drain.
  2471 | D:3      | Reached skill level 2 in Fighting
  2486 | Sewer    | Entered a sewer
  2611 | Sewer    | Reached skill level 4 in Unarmed Combat
  2625 | Sewer    | magus.rc [v1.11.3]
  2721 | Sewer    | Reached XP level 5. HP: 33/41 MP: 7/9
  2781 | Sewer    | Reached skill level 2 in Poison Magic
  2785 | Sewer    | HP: 8/42 [jelly (3)]
  2785 | Sewer    | HP: 2/42 [acid (6)]
  2936 | Sewer    | Found a viscous altar of Jiyva.
  2979 | Sewer    | HP: 10/42 [acid (7)]
  2981 | Sewer    | Reached skill level 3 in Transmutations
  3124 | Sewer    | Reached XP level 6. HP: 47/50 MP: 6/10
  3179 | D:3      | Learned a level 4 spell: Ice Form
  3455 | D:3      | Found a runed translucent door.
  3460 | D:3      | Noticed Stoves66's ghost (amateur DECj)
  3821 | D:3      | Identified a potion of experience
  3822 | D:3      | Reached skill level 5 in Fighting
  3822 | D:3      | Reached skill level 8 in Unarmed Combat
  3822 | D:3      | Reached skill level 5 in Spellcasting
  3822 | D:3      | Reached skill level 5 in Transmutations
  3822 | D:3      | Reached skill level 6 in Ice Magic
  3822 | D:3      | Your scales start taking on a golden yellow colour.
  3822 | D:3      | Reached XP level 7. HP: 62/62 MP: 10/14
  3822 | D:3      | Gained mutation: You are resistant to acid. (rCorr) [Yellow
                  | Draconian growth]
  3828 | D:3      | Killed Stoves66's ghost
  3829 | D:3      | Reached skill level 6 in Fighting
  4018 | D:4      | You pick up a book of Sloth and begin reading...
  4018 | D:4      | You add the spells Petrify, Metabolic Englaciation and
                  | Statue Form to your library.
  4257 | D:4      | You pick up a book of Maledictions and begin reading...
  4257 | D:4      | You add the spells Anguish and Enfeeble to your library.
  4264 | D:4      | Noticed Natasha
  4273 | D:4      | Killed Natasha
  4312 | D:4      | Noticed Natasha
  4316 | D:4      | Killed Natasha
  4424 | D:4      | Noticed Natasha
  4430 | D:4      | Killed Natasha
  4727 | D:5      | Entered Level 5 of the Dungeon
  4738 | D:5      | You pick up a book of Changes and begin reading...
  4780 | D:5      | Reached XP level 8. HP: 70/70 MP: 13/15
  5022 | D:5      | Reached skill level 7 in Ice Magic
  5361 | D:5      | You pick up a book of Conjurations and begin reading...
  5361 | D:5      | You add the spells Magic Dart, Searing Ray and Fulminant
                  | Prism to your library.
  5365 | D:5      | You pick up a book of Alchemy and begin reading...
  5365 | D:5      | You add the spells Sublimation of Blood and Irradiate to
                  | your library.
  5590 | D:5      | Found a staircase to the Ecumenical Temple.
  5611 | Temple   | Entered the Ecumenical Temple
  5933 | Temple   | Became a worshipper of Ru the Awakened
  6023 | D:6      | Found Wamoczyo's One-of-a-Kind Rings.
  6252 | D:6      | Reached skill level 6 in Transmutations
  6299 | D:6      | You fall into a shaft and drop 2 floors!
  6460 | D:8      | Noticed Joseph
  6473 | D:8      | Killed Joseph
  6474 | D:8      | Reached XP level 9. HP: 69/78 MP: 13/17
  6901 | D:8      | Noticed a gargoyle
  6918 | D:8      | Killed a gargoyle
  6919 | D:8      | Reached skill level 9 in Unarmed Combat
  7113 | D:8      | Reached skill level 8 in Ice Magic
  7412 | D:7      | Noticed a two-headed ogre
  7429 | D:7      | Killed a two-headed ogre
  7430 | D:7      | Reached skill level 7 in Fighting
  7430 | D:7      | Reached skill level 6 in Spellcasting
  7430 | D:7      | Reached XP level 10. HP: 45/86 MP: 13/19
  7433 | D:7      | HP: 24/103 [gnoll/+0 spear[a gnoll bouda] (5)]
  7451 | D:7      | HP: 21/103 [shadow imp/nerve-wracking pain (2)]
  7688 | D:7      | Gained mutation: You cannot study or use magical devices.
                  | [Ru sacrifice]
  7688 | D:7      | Reached * piety under Ru
  7688 | D:7      | Reached ** piety under Ru
  8076 | D:7      | You pick up a book of Unlife and begin reading...
  8076 | D:7      | You add the spells Animate Dead, Borgnjor's Vile Clutch and
                  | Death Channel to your library.
  8115 | D:7      | Found an opulent altar of Gozag.
  8115 | D:7      | Found a hide-covered altar of Uskayaw.
  8260 | D:7      | Noticed a manticore
  8566 | D:7      | You pick up a book of Rime and begin reading...
  8566 | D:7      | You add the spells Frozen Ramparts and Summon Ice Beast to
                  | your library.
  8575 | D:7      | Killed a manticore
  9531 | D:8      | HP: 25/103 [kobold/+0 dagger (1)]
  9532 | D:8      | HP: 9/103 [kobold/+0 whip (4)]
  9534 | D:8      | HP: 4/103 [kobold/+0 whip (2)]
  9534 | D:8      | Slain by a kobold

Vanquished Creatures
  A two-headed ogre (D:7)
  A manticore (D:7)
  A gargoyle (D:8)
  Joseph (D:8)
  The ghost of Stoves66 the Magician, an amateur DECj of Ignis (D:3)
  5 yaks (D:8)
  2 steam dragons
  3 water moccasins
  3 black bears
  3 orc warriors (D:7)
  2 ice beasts (D:7)
  A sky beast (D:7)
  An ogre (D:5)
  A centaur (D:5)
  A bullfrog (D:8)
  2 kobold brigands (D:7)
  A necrophage (D:7)
  2 scorpions
  A wight (D:7)
  3 killer bees (D:8)
  An electric eel (D:7)
  5 howler monkeys
  A quasit (D:7)
  6 jellies
  A gnoll bouda (D:7)
  2 orc priests
  3 hounds
  4 iguanas
  An orc wizard (D:7)
  Natasha (thrice) (D:4)
  9 gnolls
  7 adders
  3 river rats (Sewer)
  3 shadow imps
  2 white imps (D:7)
  An ufetubus (D:7)
  A worm (Sewer)
  4 dart slugs
  18 orcs
  9 ball pythons
  12 endoplasms
  10 giant cockroaches
  2 goblins
  5 hobgoblins
  7 jackals
  10 kobolds
  10 quokkas
  5 bats
  5 frilled lizards
  5 rats
  A bush (D:2)
192 creatures vanquished.

Vanquished Creatures (others)
  3 demonic plants (D:7)
  82 plants (D:1)
85 creatures vanquished.

Grand Total: 277 creatures vanquished

Table legend:
 A = Non-vault XP
 B = Vault XP
 C = Vault XP percentage of total XP
 D = Non-vault monster count
 E = Vault monster count
 F = Vault count percentage of total count
                 A         B        C        D         E       F
            +---------+---------+-------+---------+---------+-------
      Total |    5881 |    2323 |  28.3 |     146 |      45 |  23.6
            +---------+---------+-------+---------+---------+-------
        D:1 |      40 |       0 |   0.0 |      25 |       0 |   0.0
        D:2 |      57 |       0 |   0.0 |      17 |       0 |   0.0
        D:3 |      48 |     228 |  82.6 |      11 |       6 |  35.3
        D:4 |     320 |      35 |   9.9 |      15 |       1 |   6.2
        D:5 |     673 |       0 |   0.0 |      21 |       0 |   0.0
        D:6 |     691 |       0 |   0.0 |       9 |       0 |   0.0
        D:7 |    2053 |    1378 |  40.2 |      35 |      11 |  23.9
        D:8 |    1999 |     397 |  16.6 |      13 |       1 |   7.1
      Sewer |       0 |     285 | 100.0 |       0 |      26 | 100.0
            +---------+---------+-------+---------+---------+-------

Illustrated notes

Table legend:
 A = Kills in this place as a percentage of kills in entire the game.
 B = Kills by you in this place as a percentage of kills by you in the entire game.
 C = Kills by friends in this place as a percentage of kills by friends in the entire game.
 D = Other kills in this place as a percentage of other kills in the entire game.
 E = Experience gained in this place as a percentage of experience gained in the entire game.
 F = Experience gained in this place divided by the number of levels of this place that you have seen.
                   A       B       C       D       E      F
               +-------+-------+-------+-------+-------+----------------------
         Total | 100.0 | 100.0 |   N/A |   N/A | 100.0 | 820.4
       Dungeon |  86.4 |  86.4 |   N/A |   N/A |  96.5 | 989.9
         Sewer |  13.6 |  13.6 |   N/A |   N/A |   3.5 | 285.0
               +-------+-------+-------+-------+-------+----------------------

Table legend: (Time is in decaauts)
 A = Elapsed time spent in this place.
 B = Non-inter-level travel time spent in this place.
 C = Inter-level travel time spent in this place.
 D = Time resting spent in this place.
 E = Time spent auto-exploring this place.
 F = Levels seen in this place.
 G = Mean time per level.
                   A        B        C        D        E       F      G
               +--------+--------+--------+--------+--------+-----+--------+
         Total |   9634 |   9231 |    403 |    272 |   7428 |  10 |  963.4 |
       Dungeon |   8549 |   8210 |    339 |    211 |   6688 |   8 | 1068.6 |
        Temple |    353 |    290 |     63 |      0 |    286 |   1 |  353.0 |
         Sewer |    731 |    731 |      0 |     61 |    453 |   1 |  731.0 |
               +--------+--------+--------+--------+--------+-----+--------+

Top non-repeatable levels by time:
     D:7: 1460 daAuts
     D:8: 1335 daAuts
     D:2: 1324 daAuts
     D:1: 1132 daAuts
     D:5: 928 daAuts
     D:4: 839 daAuts
     D:3: 838 daAuts
   Sewer: 731 daAuts
     D:6: 691 daAuts
  Temple: 353 daAuts
